AoeStats
← Zy_Dragneel

Arabian Desert

510629380Analyzed
1v1 RM · 24h ago on Oct 1, 2026· 28m 27s· 2 players
Game mode
Random Map
Map size
Tiny (2 player)
Population
200
Speed
Normal
Resources
Standard
Victory
Conquest
Starting age
Dark Age
Ending age
Imperial Age
RankedLock teamsTeams togetherTeam positionsShared explorationLock speedFull tech treeHidden civsTurbo modeCheats
Victory
Defeat
🇦🇷 Magyars · Argentina
1486
+13
🇦🇷 Malians · Argentina
1425
-13
Zy_Dragneel
6:03 Loom
8:51 Feudal Age
9:41 Double-Bit Axe
21:00 Castle Age
19:49 Scale Barding Armor
20:40 Bloodlines
20:23 Gold Mining
21:52 Horse Collar
23:00 Chain Barding Armor
25:49 Husbandry
Gusty Pepa
6:47 Loom
9:17 Feudal Age
9:25 Man-at-Arms
13:11 Double-Bit Axe
18:41 Fletching
23:24 Castle Age
21:57 Horse Collar
22:43 Gold Mining
23:50 Scale Barding Armor
Connection lost

Rejoining the realm…

Still unreachable

The connection could not be restored.

Session expired

The server has moved on; the page needs a fresh start.